 Dungeon Crawl Stone Soup version 0.29-a0-451-gfbfa42419e (webtiles) character file.

Game seed: 1152567436056967737

544022 TotallyNotGC the Conqueror (level 24, -10/249 HPs)
             Began as a Minotaur Berserker on May 18, 2022.
             Was the Champion of Trog.
             Killed from afar by a red draconian scorcher (52 damage)
             ... with a searing blast
             ... led by a black draconian knight
             ... on level 1 of the Realm of Zot on May 19, 2022.
             The game lasted 06:24:51 (45658 turns).

TotallyNotGC the Conqueror (Minotaur Berserker)    Turns: 45658, Time: 06:24:52

Health: -10/249    AC: 56    Str: 46    XL:     24   Next: 83%
Magic:  31/31      EV: 23    Int:  9    God:    Trog [******]
Gold:   4904       SH: 20    Dex: 19    Spells: 23/23 levels left

rFire   x . .      SeeInvis +   Y - +4 broad axe of the Omega Point {protect, rPois}
rCold   + + .      Faith    .   x - +3 kite shield {reflect}
rNeg    + . .      Spirit   .   G - +15 Maxwell's patent armour {-Cast -Tele rElec Will+ rCorr}
rPois   +          Reflect  +   i - +2 hat
rElec   +          Harm     .   N - +3 cloak "Uhilol" {rElec Str+5}
rCorr   +          Rampage  .   e - +0 pair of gloves
Will    +++++      NoTele   +   y - +2 pair of boots "Zikhluxt" {Fly rPois Dex+4 SInv}
Stlth   .......... NoCast   +   k - amulet of regeneration
HPRegen 1.31/turn               c - ring of the Jumping Gods {rN+ Str+10 Int+7}
MPRegen 0.22/turn               n - ring of Jyxe {rElec rF- rC++ Will+++ MP+9}

@: under a protective aura, on berserk cooldown, flying, studying 2 skills
A: horns 2, retaliatory headbutt, dopey 1, strong 1
}: 3/15 runes: decaying, silver, gossamer
a: Renounce Religion, Berserk, Trog's Hand, Brothers in Arms


You were on level 1 of the Realm of Zot.
You worshipped Trog.
Trog was exalted by your worship.
You visited 8 branches of the dungeon, and saw 41 of its levels.
You also visited: Ossuary and Bailey.

You collected 7603 gold pieces.
You spent 2699 gold pieces at shops.

Inventory:

Hand Weapons
 o - a +9 antimagic lajatang
 t - a +5 executioner's axe of flaming
 Y - the +4 broad axe of the Omega Point (weapon) {protect, rPois}
   (You found it on level 12 of the Dungeon)

   It grants its wielder temporary protection when it strikes (+7 to AC).
   rPois:     It protects you from poison.
Armour
 e - a +0 pair of gloves (worn)
 i - a +2 hat (worn)
 x - a +3 kite shield of reflection (worn)
 y - the +2 pair of boots "Zikhluxt" (worn) {Fly rPois Dex+4 SInv}
   (You acquired it on level 3 of the Lair of Beasts)

   Dex:       It affects your dexterity (+4).
   rPois:     It protects you from poison.
   SInv:      It lets you see invisible.
   Fly:       It grants you flight.
 G - the +15 Maxwell's patent armour (worn) {-Cast -Tele rElec Will+ rCorr}
   (You acquired it on level 2 of the Depths)

   rElec:     It insulates you from electricity.
   -Cast:     It prevents spellcasting.
   -Tele:     It prevents most forms of teleportation.
   rCorr:     It protects you from acid and corrosion.
   Will:      It increases your willpower.
 N - the +3 cloak "Uhilol" (worn) {rElec Str+5}
   (You found it on level 2 of the Vaults)

   Str:       It affects your strength (+5).
   rElec:     It insulates you from electricity.
Jewellery
 a - the ring "Deshrun" {rN+ Stlth+}
   (You found it on level 12 of the Dungeon)

   [ring of positive energy]

   rN:        It protects you from negative energy.
   Stlth:     It makes you more stealthy.
 c - the ring of the Jumping Gods (left hand) {rN+ Str+10 Int+7}
   (You bought it in a shop on level 3 of the Dungeon)

   [ring of positive energy]

   Str:       It affects your strength (+10).
   Int:       It affects your intelligence (+7).
   rN:        It protects you from negative energy.
 f - a ring of protection from fire
 g - the ring of Jerekhle {Ice Fly rElec Dex+3}
   (You took it off Josephina on level 4 of the Depths)

   [ring of ice]

   It enhances your ice magic.
   Dex:       It affects your dexterity (+3).
   rF:        It makes you vulnerable to fire.
   rC:        It protects you from cold.
   rElec:     It insulates you from electricity.
   Fly:       It grants you flight.
 j - an amulet of magic regeneration
 k - an amulet of regeneration (around neck)
 n - the ring of Jyxe (right hand) {rElec rF- rC++ Will+++ MP+9}
   (You found it on level 4 of the Spider Nest)

   [ring of magical power]

   rF:        It makes you vulnerable to fire.
   rC:        It greatly protects you from cold.
   rElec:     It insulates you from electricity.
   MP:        It affects your magic capacity (+9).
   Will:      It greatly increases your willpower.
 s - an amulet of guardian spirit
 P - the ring of Xeese {Ice Str+6 Stlth+}
   (You found it on level 3 of the Depths)

   [ring of ice]

   It enhances your ice magic.
   Str:       It affects your strength (+6).
   rF:        It makes you vulnerable to fire.
   rC:        It protects you from cold.
   Stlth:     It makes you more stealthy.
 S - a ring of protection from fire
 Z - the ring of Kelopipy {rPois Int+2 SInv}
   (You found it on level 4 of the Spider Nest)

   [ring of see invisible]

   Int:       It affects your intelligence (+2).
   rPois:     It protects you from poison.
   SInv:      It lets you see invisible.
Wands
 A - a wand of flame (147)
 B - a wand of charming (11)
 F - a wand of paralysis (16)
 O - a wand of iceblast (31)
 Q - a wand of digging (15)
 R - a wand of polymorph (9)
 V - a wand of mindburst (31)
Scrolls
 d - 2 scrolls of summoning
 l - 7 scrolls of poison
 m - 27 scrolls of teleportation
 u - 8 scrolls of vulnerability
 z - 2 scrolls of silence
 C - 7 scrolls of blinking
 M - 9 scrolls of fog
 T - 5 scrolls of magic mapping
 U - 7 scrolls of fear
Potions
 b - 20 potions of curing
 h - 5 potions of magic
 p - 11 potions of might
 q - 3 potions of cancellation
 r - 2 potions of berserk rage
 v - 10 potions of attraction
 D - 9 potions of lignification
 E - 8 potions of heal wounds
 I - 3 potions of resistance
 J - 9 potions of invisibility
 K - 7 potions of haste
 L - 5 potions of ambrosia


   Skills:
 O Level 27 Fighting
 * Level 19.3(22.4) Axes
 - Level 18.7(21.9) Maces & Flails
 - Level 4.6(13.4) Polearms
 + Level 24.7 Armour
 + Level 21.2 Dodging
 + Level 22.0 Shields


You had 23 spell levels left.
You didn't know any spells.
Your spell library was empty.

Dungeon Overview and Level Annotations

Branches:
Dungeon (15/15)            Temple (0/1) D:4            Lair (6/6) D:9
  Swamp (4/4) Lair:4       Spider (4/4) Lair:3        Slime (0/5) Lair:5
    Orc (2/2) D:11            Elf (0/3) Orc:2        Vaults (5/5) D:14
  Crypt (0/3) Vaults:2     Depths (4/4) D:15            Zot (1/5) Depths:4
Ossuary (visited)          Bailey (visited)

Altars:
Ashenzari
Elyvilon
Fedhas
Hepliaklqana
Kikubaaqudgha
Makhleb
Nemelex Xobeh
Ru
Sif Muna
Uskayaw
Vehumet
Xom
Yredelemnul
Zin
The Shining One
Jiyva

Shops:
D:3 =   D:6 [   Orc:2 !**:   Vaults:1 ?   Vaults:5 (

Portals:
Hell: Depths:1 Depths:2 Depths:3 Depths:4
Abyss: Depths:3
Pandemonium: Depths:2
Ziggurat: Depths:3


Innate Abilities, Weirdness & Mutations

You have a pair of horns on your head.
You reflexively headbutt those who attack you in melee.
You are dopey. (Int -2)
Your muscles are strong. (Str +2)


Message History

The electric golem crackles and sizzles.
The electric golem hits you but does no damage.
The electric golem hits you!
* * * LOW HITPOINT WARNING * * *
The electric golem shocks you. You resist.
* * * LOW HITPOINT WARNING * * *
The electric golem closely misses you.
The electric golem hits you but does no damage.
You are confused.
You feel invigorated.
The black draconian knight completely misses you.
The golden dragon misses you. The golden dragon barely misses you.
The golden dragon misses you. The red draconian closely misses you.
The electric golem hits you but does no damage.
The electric golem completely misses you.
The electric golem hits you but does no damage. x2
The red draconian completely misses you.
The tentacled monstrosity tentacle-slaps you but does no damage.
The tentacled monstrosity closely misses you.
The tentacled monstrosity misses you.
The tentacled monstrosity barely misses you.
The green draconian hits you but does no damage.
The green draconian misses you.
The black draconian knight hits you but does no damage.
The golden dragon bites you.
* * * LOW HITPOINT WARNING * * *
The golden dragon barely misses you. x2
The red draconian hits you but does no damage.
You feel better.
You feel less invigorated.
The electric golem hits you but does no damage. x3
You block the electric golem's attack. The black draconian knight misses you.
You block the tentacled monstrosity's attack.
The tentacled monstrosity closely misses you.
The tentacled monstrosity tentacle-slaps you but does no damage.
The tentacled monstrosity misses you. You block the golden dragon's attack.
The golden dragon claws you but does no damage.
The golden dragon tramples you but does no damage.
The red draconian scorcher breathes fire at you.
The searing blast hits you!!! The fire burns you terribly!
You die...

################
##.....d..>....∩##
##...#..D@X.....).##
##...##.dqd9........##
##...##..q..######..).##
##..#.#......#.####...).##
*#..#..)....D..........##.##
*#..#.....#...........).....##
*#..##....###.....^...........##
**..###...)...#####.............#
*,...#....)...##..####...........


You could see an electric golem, a shadow dragon, a tentacled monstrosity, a
black draconian knight (fast), a golden dragon (berserk), a green draconian, 2
draconians and a red draconian scorcher (catching breath).

Vanquished Creatures
  A dread lich (Vaults:4)
  An ancient lich (Vaults:5)
  A juggernaut (Depths:4)
  Josephina (Depths:4)
  Frederick (Vaults:2)
  Saint Roka (Vaults:3)
  5 caustic shrikes
  A bone dragon (Depths:4)
  2 golden dragons
  Arachne (Spider:3)
  Mlioglotl (Swamp:3)
  7 tentacled monstrosities
  A walking crystal tome (Depths:2)
  Jorgrun (Orc:1)
  Asterion (Spider:1)
  A quicksilver dragon (shapeshifter) (Depths:2)
  2 walking divine tomes
  3 titans (Vaults:5)
  3 quicksilver dragons
  The ghost of Kefeps the Severer, an adept MiBe of Trog (Spider:4)
  6 sphinxes
  An ancient champion (Vaults:2)
  2 death cobs (Zot:1)
  The ghost of Sickboy the Warrior, an adept MiFi of Okawaru (Swamp:1)
  2 thorn hunters
  6 storm dragons
  10 tengu reavers
  Donald (Vaults:2)
  5 frost giants
  7 shadow dragons
  8 fire giants
  18 vault wardens
  Louise (Swamp:1)
  4 iron dragons
  3 orc warlords
  2 balrugs (Depths:3)
  6 deep elf sorcerers
  6 ghost moths
  A draconian scorcher (Zot:1)
  11 emperor scorpions
  2 draconian stormcallers (Depths:4)
  19 ironbound preservers
  A quicksilver ooze (shapeshifter) (Depths:3)
  A broodmother (Spider:2)
  11 spriggan defenders (Depths:2)
  34 very ugly things
  12 stone giants
  5 ironbound thunderhulks
  3 green draconians
  A deep elf demonologist (Vaults:5)
  2 eleionomae
  4 black draconians
  A deep elf annihilator (Vaults:5)
  An entropy weaver (shapeshifter) (Depths:4)
  8 entropy weavers
  9 spark wasps
  A vampire knight (Depths:2)
  A yellow draconian (Depths:4)
  11 dire elephants
  3 white draconians
  3 red draconians
  5 bunyips
  2 eidola (Vaults:2)
  A purple draconian (Depths:4)
  Snorg (Orc:2)
  14 ettins
  2 crystal guardians (Vaults:3)
  2 deep elf death magi (Vaults:5)
  6 fire dragons
  6 great orbs of eyes
  A fire dragon (shapeshifter) (Vaults:1)
  A deep elf high priest (Vaults:3)
  54 vault guards
  12 yaktaur captains
  28 hydras
  3 rakshasas
  6 ironbound frosthearts
  2 jorogumos
  Erolcha (D:10)
  9 boulder beetles
  14 centaur warriors
  4 ghost crabs
  8 ogre magi
  2 spriggan skeletons (D:15)
  A catoblepas (Lair:6)
  2 peacekeepers (Vaults:3)
  8 spriggan air magi
  21 two-headed ogres
  6 ice dragons
  A death knight (D:15)
  The ghost of Fumpue the Covert, a journeyman SpEn of Dithmenos (D:12)
  A radroach (Spider:4)
  13 alligators
  7 deep troll shamans
  4 tengu warriors
  12 deep troll earth magi
  6 spriggan berserkers
  10 death yaks (Lair:5)
  9 hell knights
  Urug (D:11)
  A soul eater (Vaults:2)
  2 pharaoh ants (Spider:2)
  2 skeletal warriors (D:15)
  73 deep trolls
  A shadow wraith (Vaults:5)
  A fire crab (Swamp:4)
  7 iron trolls
  11 swamp dragons
  3 sun moths
  10 orb spiders
  9 bog bodies
  5 steelbarb worms (Spider:4)
  4 flayed ghosts
  5 glowing orange brains
  2 goliath frogs (Swamp:2)
  A storm dragon skeleton (D:15)
  2 orc knights
  6 spriggan druids
  16 ironbound convokers
  6 wizards
  A tengu zombie (Vaults:3)
  5 harpies (Vaults:2)
  Pikel (D:7)
  4 lindwurms
  A harpy (shapeshifter) (D:13)
  3 necromancers
  6 phantasmal warriors
  15 wolf spiders
  A faun (shapeshifter) (Vaults:2)
  An orc sorcerer (Orc:1)
  3 will-o-the-wisps (Swamp:3)
  A moth of wrath (shapeshifter) (Vaults:5)
  A manticore (shapeshifter) (Depths:2)
  2 manticores
  A deep elf pyromancer (D:14)
  7 moths of wrath
  6 cyclopes
  The ghost of Majang the Covert, a novice KoDe of Dithmenos (D:7)
  37 ugly things
  Maurice (D:8)
  18 vault sentinels
  6 black mambas
  6 elephants (Lair:1)
  A gargoyle (D:12)
  A guardian serpent (Vaults:1)
  A water nymph (shapeshifter) (Depths:2)
  An eye of devastation (Vaults:1)
  18 cane toads
  An unseen horror (D:10)
  6 torpor snails
  6 demonic crawlers
  4 rime drakes
  4 kobold demonologists
  11 komodo dragons
  6 tengu conjurers
  22 yaktaurs
  An efreet (D:11)
  2 freezing wraiths
  A human skeleton (Vaults:3)
  6 trolls
  6 meliai (Spider:2)
  8 polar bears
  25 hornets
  A spriggan zombie (D:15)
  11 tyrant leeches
  32 tarantellas
  A raiju (shapeshifter) (Vaults:4)
  26 blink frogs
  A dream sheep (shapeshifter) (Vaults:1)
  A stone giant simulacrum (Vaults:3)
  24 jumping spiders
  21 slime creatures
  33 spriggans
  19 dream sheep
  2 centaur simulacra
  16 culicivoras
  A vampire (D:12)
  A wraith (D:12)
  45 yaks
  7 wyverns
  5 water elementals
  A redback (shapeshifter) (Vaults:5)
  4 steam dragons
  76 redbacks
  8 vampire mosquitoes
  6 basilisks
  14 swamp worms
  Menkaure (D:5)
  3 wargs
  2 acid dragons
  A hydra simulacrum (Lair:4)
  19 water moccasins
  2 ice beasts
  A floating eye (Depths:2)
  A floating eye (shapeshifter) (D:14)
  8 swamp drakes
  A human zombie (Vaults:3)
  22 orc warriors
  9 black bears
  4 boggarts (Lair:6)
  29 ogres
  35 wolves
  A tengu (shapeshifter) (Depths:3)
  11 centaurs
  2 lemures (D:7)
  A phantom (D:7)
  Blork the orc (D:5)
  8 kobold brigands
  26 bullfrogs
  A necrophage (D:3)
  A gnoll sergeant (D:9)
  5 scorpions
  A glowing shapeshifter simulacrum (Depths:4)
  5 water moccasin zombies
  4 wights (D:10)
  10 killer bees
  4 electric eels
  A bullfrog zombie (D:5)
  A hound (D:5)
  17 orc priests
  A jelly (D:6)
  Crazy Yiuf (D:2)
  2 gnoll shamans
  Jessica (D:3)
  6 iguanas
  23 orc wizards
  A yak simulacrum (Lair:4)
  A bullfrog simulacrum (Lair:4)
  2 wolf simulacra (Lair:4)
  A hound zombie (D:5)
  2 mummies (Ossuary)
  A howler monkey zombie (D:5)
  25 gnolls
  3 adders
  A shadow imp (D:6)
  A white imp (D:8)
  An adder zombie (Ossuary)
  2 worms (D:2)
  A dart slug (D:2)
  81 orcs
  5 ball pythons
  5 bats (D:1)
  6 endoplasms
  4 giant cockroaches
  4 goblins
  5 hobgoblins
  4 jackals (D:2)
  38 kobolds
  2 quokkas
  5 frilled lizards
  3 gnoll zombies (Ossuary)
  8 hobgoblin zombies (Ossuary)
  7 kobold zombies (Ossuary)
  6 orc zombies (Ossuary)
  6 rats
  6 briar patches (Swamp:1)
1848 creatures vanquished.

Vanquished Creatures (collateral kills)
  A juggernaut (Depths:2)
  2 vault wardens (Vaults:1)
  2 yaktaur captains (Vaults:1)
  2 deep elf high priests (Vaults:1)
  A centaur warrior (Vaults:1)
  An ironbound convoker (Vaults:1)
  A deep troll (Vaults:1)
  A yaktaur (Vaults:1)
11 creatures vanquished.

Vanquished Creatures (others)
  A juggernaut simulacrum (Depths:4)
  A spriggan berserker (Swamp:1)
  A goliath frog (Swamp:4)
  A steelbarb worm (Spider:1)
  A lindwurm (Swamp:4)
  A will-o-the-wisp (Swamp:3)
  A rime drake (shapeshifter) (Vaults:5)
  A titan simulacrum (Depths:4)
  A bloated husk (Swamp:3)
  2 hornets
  A tyrant leech (Swamp:4)
  A sphinx simulacrum (Depths:4)
  A spriggan (Swamp:4)
  A redback (Spider:2)
  3 swamp drakes (Swamp:4)
  An orc warrior (Vaults:5)
  An orc priest (Vaults:5)
  8 foxfires (Swamp:3)
  60 fungi
  56 plants
  12 withered plants (D:15)
156 creatures vanquished.

Grand Total: 2015 creatures vanquished

Notes
Turn   | Place    | Note
-------+----------+-------------------------------------------
     0 | D:1      | TotallyNotGC the Minotaur Berserker began the quest for the
                  | Orb.
     0 | D:1      | Reached XP level 1. HP: 19/19 MP: 0/0
   100 | D:1      | Reached XP level 2. HP: 27/27 MP: 1/1
   455 | D:1      | Found a faded altar of an unknown god.
   559 | D:1      | Reached skill level 4 in Fighting
   954 | D:2      | Reached XP level 3. HP: 33/33 MP: 2/2
  1279 | D:2      | Reached ** piety under Trog
  1523 | D:2      | Found a runed translucent door.
  1524 | D:2      | Noticed Crazy Yiuf
  1532 | D:2      | Killed Crazy Yiuf
  1533 | D:2      | Reached XP level 4. HP: 37/41 MP: 3/3
  1719 | D:3      | Found a burning altar of Makhleb.
  1837 | D:3      | Found a shimmering altar of Xom.
  1917 | D:3      | Identified the +3 flail of Infection {vorpal, rPois rN++}
  1943 | D:3      | Noticed Jessica
  1958 | D:3      | Killed Jessica
  1959 | D:3      | Reached XP level 5. HP: 47/47 MP: 4/4
  1966 | D:3      | Found Oblexzue's Jewellery Emporium.
  2056 | D:3      | Reached skill level 1 in Maces & Flails
  2396 | D:4      | Found a staircase to the Ecumenical Temple.
  2452 | D:4      | Noticed a black bear
  2484 | D:4      | Killed a black bear
  2485 | D:4      | Reached skill level 5 in Fighting
  2485 | D:4      | Reached XP level 6. HP: 56/56 MP: 5/5
  2630 | D:4      | Found a radiant altar of Vehumet.
  3101 | D:5      | Entered Level 5 of the Dungeon
  3209 | D:5      | Reached XP level 7. HP: 60/61 MP: 6/6
  3211 | D:5      | Noticed Menkaure
  3221 | D:5      | Killed Menkaure
  3222 | D:5      | Reached skill level 5 in Armour
  3329 | D:5      | Noticed Blork the orc
  3344 | D:5      | Killed Blork the orc
  3345 | D:5      | Reached skill level 5 in Maces & Flails
  3427 | D:5      | Reached skill level 6 in Fighting
  3434 | D:5      | Reached skill level 5 in Dodging
  3438 | D:5      | Reached XP level 8. HP: 70/70 MP: 7/7
  3800 | D:5      | Found a blossoming altar of Fedhas.
  3960 | D:5      | Found a sparkling altar of Nemelex Xobeh.
  4153 | D:5      | Found a basalt altar of Yredelemnul.
  4728 | D:6      | Found a hazy altar of Hepliaklqana.
  4749 | D:6      | Found Otef's Antique Armour Shoppe.
  4768 | D:6      | Reached skill level 7 in Fighting
  4790 | D:6      | Reached *** piety under Trog
  4824 | D:6      | Found a sand-covered staircase.
  4853 | Ossuary  | Entered an ossuary
  5463 | D:6      | Reached **** piety under Trog
  5663 | D:7      | Reached XP level 9. HP: 68/79 MP: 8/8
  5807 | D:7      | Found a shimmering blue altar of Sif Muna.
  5848 | D:7      | Found a runed translucent gate.
  5848 | D:7      | Found a runed translucent gate.
  5849 | D:7      | Found a runed translucent gate.
  5849 | D:7      | You fall into a shaft and drop 1 floor!
  5959 | D:7      | Found a flagged portal.
  5968 | Bailey   | Entered a bailey
  6383 | D:7      | Noticed Pikel
  6411 | D:7      | Killed Pikel
  6412 | D:7      | Reached skill level 8 in Fighting
  6546 | D:7      | Noticed Majang's ghost (novice KoDe)
  6549 | D:7      | Noticed a troll
  6741 | D:7      | Killed a troll
  6744 | D:7      | Killed Majang's ghost
  6745 | D:7      | Reached skill level 10 in Maces & Flails
  6752 | D:7      | Reached XP level 10. HP: 42/90 MP: 9/9
  7203 | D:8      | Noticed Maurice
  7233 | D:8      | Killed Maurice
  7233 | D:8      | Reached ***** piety under Trog
  7234 | D:8      | Reached skill level 9 in Fighting
  7634 | D:9      | Found a staircase to the Lair.
  7697 | D:9      | Noticed a rust devil
  7704 | D:9      | Noticed a two-headed ogre
  7718 | D:9      | Killed a two-headed ogre
  7719 | D:9      | Reached skill level 10 in Fighting
  7790 | D:9      | Noticed a purple ugly thing
  7802 | D:9      | Killed a purple ugly thing
  7803 | D:9      | Reached XP level 11. HP: 63/99 MP: 10/10
  8125 | D:9      | Found a broken altar of Ashenzari.
  8197 | D:9      | Paralysed by a hornet for 2 turns
  8203 | D:9      | Reached skill level 10 in Armour
  8258 | Lair:1   | Entered Level 1 of the Lair of Beasts
  8293 | Lair:1   | Noticed a seven-headed hydra
  8312 | Lair:1   | Killed a seven-headed hydra
  8467 | Lair:1   | Received a gift from Trog
  8474 | Lair:1   | Reached skill level 11 in Fighting
  8481 | Lair:1   | Reached skill level 10 in Dodging
  8791 | Lair:1   | Reached XP level 12. HP: 102/111 MP: 11/11
  9335 | Lair:1   | Identified 2 scrolls of acquirement
  9335 | Lair:1   | Acquired 870 gold pieces
  9344 | Lair:1   | Acquired a manual of Maces & Flails
  9584 | D:3      | Bought the ring of the Jumping Gods {rN+ Str+10 Int+7} for
                  | 877 gold pieces
  9840 | Lair:2   | Reached skill level 12 in Fighting
  9897 | Lair:2   | Noticed a six-headed hydra
  9909 | Lair:2   | Killed a six-headed hydra
 10492 | Lair:2   | Reached skill level 13 in Fighting
 10971 | Lair:3   | Acquired the +2 pair of boots "Zikhluxt" {Fly rPois Dex+4
                  | SInv}
 11005 | Lair:3   | Noticed a seven-headed hydra
 11019 | Lair:3   | Killed a seven-headed hydra
 11202 | Lair:3   | Reached skill level 15 in Maces & Flails
 11226 | Lair:3   | Reached skill level 14 in Fighting
 11226 | Lair:3   | Reached XP level 13. HP: 121/124 MP: 12/12
 11275 | Lair:3   | Found a hole to the Spider Nest.
 11842 | Lair:4   | Found a transporter.
 11909 | Lair:4   | Found a transporter.
 12269 | Lair:4   | Found a staircase to the Swamp.
 12765 | Lair:4   | Reached skill level 15 in Fighting
 12779 | Lair:5   | Reached ****** piety under Trog
 13159 | Lair:5   | Found a viscous altar of Jiyva.
 13160 | Lair:5   | Found a staircase to the Slime Pits.
 13290 | Lair:5   | Reached skill level 16 in Fighting
 13333 | Lair:5   | Reached XP level 14. HP: 137/137 MP: 13/13
 13566 | Lair:6   | Entered Level 6 of the Lair of Beasts
 13724 | Lair:6   | Received a gift from Trog
 14384 | Lair:6   | Reached skill level 17 in Fighting
 14954 | D:10     | Entered Level 10 of the Dungeon
 15105 | D:10     | Found a glowing golden altar of the Shining One.
 15133 | D:10     | Found a hide-covered altar of Uskayaw.
 15152 | D:10     | Identified the +1 robe of Prudence {Harm +Blink}
 15272 | D:10     | Found a white marble altar of Elyvilon.
 15331 | D:10     | Noticed Erolcha
 15338 | D:10     | Killed Erolcha
 15446 | D:10     | Gained mutation: You are partially covered in large bone
                  | plates. (SH +4) [potion of mutation]
 15446 | D:10     | Gained mutation: You possess an exceptional clarity of
                  | mind. [potion of mutation]
 15446 | D:10     | Gained mutation: You have sharp fingernails. [potion of
                  | mutation]
 15446 | D:10     | Gained mutation: Your spells are a little harder to cast,
                  | but a little more powerful. [potion of mutation]
 15447 | D:10     | Lost mutation: You have sharp fingernails. [potion of
                  | mutation]
 15447 | D:10     | Lost mutation: You possess an exceptional clarity of mind.
                  | [potion of mutation]
 15447 | D:10     | Lost mutation: Your spells are a little harder to cast, but
                  | a little more powerful. [potion of mutation]
 15447 | D:10     | Gained mutation: Your body sometimes deteriorates upon
                  | taking damage. [potion of mutation]
 15447 | D:10     | Gained mutation: Armour fits poorly on your strangely
                  | shaped body. [potion of mutation]
 15447 | D:10     | Gained mutation: Your mind is acute. (Int +2) [potion of
                  | mutation]
 15448 | D:10     | Lost mutation: Armour fits poorly on your strangely shaped
                  | body. [potion of mutation]
 15448 | D:10     | Lost mutation: You are partially covered in large bone
                  | plates. (SH +4) [potion of mutation]
 15448 | D:10     | Gained mutation: You have an increased reservoir of magic.
                  | (+10% MP) [potion of mutation]
 15448 | D:10     | Lost mutation: Your mind is acute. (Int +2) [potion of
                  | mutation]
 15448 | D:10     | Gained mutation: You possess an exceptional clarity of
                  | mind. [potion of mutation]
 15449 | D:10     | Lost mutation: You possess an exceptional clarity of mind.
                  | [potion of mutation]
 15449 | D:10     | Lost mutation: Your body sometimes deteriorates upon taking
                  | damage. [potion of mutation]
 15449 | D:10     | Lost mutation: You have an increased reservoir of magic.
                  | (+10% MP) [potion of mutation]
 15449 | D:10     | Gained mutation: You have supernaturally acute eyesight.
                  | (SInv) [potion of mutation]
 15450 | D:10     | Lost mutation: You have supernaturally acute eyesight.
                  | (SInv) [potion of mutation]
 15450 | D:10     | Gained mutation: You have a pair of large horns on your
                  | head. [potion of mutation]
 15451 | D:10     | Lost mutation: You have a pair of large horns on your head.
                  | [potion of mutation]
 15451 | D:10     | Gained mutation: You are strong-willed. (Will+) [potion of
                  | mutation]
 15451 | D:10     | Gained mutation: You are frail. (-10% HP) [potion of
                  | mutation]
 15451 | D:10     | Gained mutation: You have an increased reservoir of magic.
                  | (+10% MP) [potion of mutation]
 15452 | D:10     | Lost mutation: You have an increased reservoir of magic.
                  | (+10% MP) [potion of mutation]
 15452 | D:10     | Lost mutation: You are frail. (-10% HP) [potion of
                  | mutation]
 15452 | D:10     | Lost mutation: You are strong-willed. (Will+) [potion of
                  | mutation]
 15452 | D:10     | Gained mutation: Your muscles are strong. (Str +2) [potion
                  | of mutation]
 15452 | D:10     | Gained mutation: Your body sometimes deteriorates upon
                  | taking damage. [potion of mutation]
 15452 | D:10     | Gained mutation: You are robust. (+10% HP) [potion of
                  | mutation]
 15453 | D:10     | Lost mutation: Your body sometimes deteriorates upon taking
                  | damage. [potion of mutation]
 15453 | D:10     | Lost mutation: You are robust. (+10% HP) [potion of
                  | mutation]
 15453 | D:10     | Gained mutation: You are dopey. (Int -2) [potion of
                  | mutation]
 15504 | D:11     | Received a gift from Trog
 15772 | D:11     | Noticed Urug
 15783 | D:11     | Killed Urug
 15853 | D:11     | Found the +5 demon whip "Spellbinder" {antimagic, Will+}
 16181 | D:11     | Found a staircase to the Orcish Mines.
 16623 | D:12     | Found a runed translucent gate.
 16624 | D:12     | Found a runed translucent gate.
 16625 | D:12     | Found a runed translucent gate.
 16627 | D:12     | Noticed Fumpue's ghost (journeyman SpEn)
 16639 | D:12     | Reached skill level 15 in Armour
 16980 | D:12     | Reached skill level 1 in Shields
 16981 | D:12     | Killed Fumpue's ghost
 16982 | D:12     | Reached XP level 15. HP: 108/149 MP: 14/14
 17033 | D:12     | Identified the +4 broad axe of the Omega Point {protect,
                  | rPois}
 17049 | D:12     | Identified the ring "Deshrun" {rN+ Stlth+}
 17175 | D:13     | Reached skill level 18 in Fighting
 17192 | D:13     | Reached skill level 1 in Axes
 17259 | D:13     | Found Qocwod's Distillery.
 17524 | D:14     | Found a gate to the Vaults.
 17674 | D:14     | Received a gift from Trog
 17927 | D:14     | Reached skill level 5 in Shields
 18362 | D:15     | Entered Level 15 of the Dungeon
 18765 | D:15     | Found a staircase to the Depths.
 19935 | Spider:1 | Entered Level 1 of the Spider Nest
 19935 | Spider:1 | Noticed Asterion
 19937 | Spider:1 | Noticed an Executioner
 19955 | Spider:1 | Killed Asterion
 20159 | Lair:3   | Reached skill level 19 in Fighting
 20229 | Lair:3   | Reached skill level 5 in Axes
 20611 | Spider:1 | Received a gift from Trog
 21282 | Spider:2 | Reached XP level 16. HP: 136/160 MP: 15/15
 22987 | Spider:3 | Noticed Arachne
 23006 | Spider:2 | Received a gift from Trog
 23088 | Spider:2 | HP: 4/162 [redback simulacrum (13)]
 23331 | Spider:2 | Reached skill level 15 in Dodging
 23436 | Spider:3 | Killed Arachne
 23816 | Spider:3 | Reached skill level 20 in Fighting
 23872 | Spider:2 | Reached skill level 10 in Shields
 24208 | Spider:4 | Entered Level 4 of the Spider Nest
 24918 | Spider:4 | Reached XP level 17. HP: 171/171 MP: 16/16
 25180 | Spider:4 | Found a large runed translucent door.
 25180 | Spider:4 | Found a large runed translucent door.
 25184 | Spider:4 | Noticed Kefeps's ghost (adept MiBe)
 25213 | Spider:4 | Killed Kefeps's ghost
 25239 | Spider:4 | Identified the ring of Kelopipy {rPois Int+2 SInv}
 25246 | Spider:4 | Identified the +9 shortbow "Embalmer" {flame, MP-9 Str+5}
 25271 | Spider:4 | Reached skill level 21 in Fighting
 25271 | Spider:4 | Reached XP level 18. HP: 182/182 MP: 17/17
 25272 | Spider:4 | Reached XP level 19. HP: 190/190 MP: 18/18
 25648 | Spider:4 | Got a gossamer rune of Zot
 25950 | Spider:4 | Received a gift from Trog
 26026 | Spider:4 | Identified the ring of Jyxe {rElec rF- rC++ Will+++ MP+9}
 26281 | Orc:1    | Entered Level 1 of the Orcish Mines
 26366 | Orc:1    | Noticed Jorgrun
 26386 | Orc:1    | Killed Jorgrun
 26705 | Orc:2    | Entered Level 2 of the Orcish Mines
 26728 | Orc:2    | Noticed Snorg
 26738 | Orc:2    | Killed Snorg
 26993 | Orc:2    | Received a gift from Trog
 26994 | Orc:2    | Reached skill level 22 in Fighting
 27000 | Orc:2    | Found Kueholax's General Store.
 27000 | Orc:2    | Found Sexab's Book Boutique.
 27011 | Orc:2    | Found Xelam's Distillery.
 27011 | Orc:2    | Found Eway's Assorted Antiques.
 27022 | Orc:2    | Bought a runed cloak for 247 gold pieces
 27036 | Orc:2    | Bought a wand of digging (5) for 216 gold pieces
 27037 | Orc:2    | Bought 2 potions of haste for 320 gold pieces
 27037 | Orc:2    | Bought a potion of heal wounds for 80 gold pieces
 27037 | Orc:2    | Bought a potion of haste for 160 gold pieces
 27137 | Orc:2    | Found a staircase to the Elven Halls.
 27521 | Swamp:1  | Entered Level 1 of the Swamp
 27647 | Swamp:1  | Found a transporter.
 27651 | Swamp:1  | Noticed Sickboy's ghost (adept MiFi)
 27673 | Swamp:1  | Found a transporter.
 27948 | Swamp:1  | Killed Sickboy's ghost
 27997 | Swamp:1  | Identified the +7 double sword of Bright Guilt {elec, rPois
                  | rF+ rN+++ Str-5 SInv}
 28019 | Swamp:1  | Noticed Louise
 28059 | Swamp:1  | Killed Louise
 28606 | Swamp:2  | Received a gift from Trog
 29004 | Swamp:3  | Noticed Mlioglotl
 29223 | Swamp:3  | Killed Mlioglotl
 29323 | Swamp:3  | Reached skill level 10 in Axes
 29922 | Swamp:4  | Entered Level 4 of the Swamp
 29983 | Swamp:4  | Reached XP level 20. HP: 168/202 MP: 19/19
 30212 | Swamp:4  | Reached skill level 23 in Fighting
 30336 | Swamp:4  | Found an ancient bone altar of Kikubaaqudgha.
 30531 | Swamp:4  | Received a gift from Trog
 30786 | Swamp:4  | Got a decaying rune of Zot
 31131 | Vaults:1 | Entered Level 1 of the Vaults
 31534 | Vaults:1 | Received a gift from Trog
 31633 | Vaults:1 | Identified the +6 broad axe of Cuciygg {flame, *Noise Int+2
                  | SInv}
 31844 | Vaults:1 | Paralysed by a floating eye for 3 turns
 32377 | Vaults:1 | Reached skill level 24 in Fighting
 32478 | Vaults:1 | Identified the +9 battleaxe of Compassion {holy, +Blink
                  | rF++}
 32486 | Vaults:1 | Found Wyuph's Magic Scroll Boutique.
 32503 | Vaults:1 | Bought a scroll of acquirement for 676 gold pieces
 32503 | Vaults:1 | Bought a scroll of summoning for 123 gold pieces
 32503 | Vaults:1 | Acquired a manual of Shields
 32916 | Vaults:1 | Reached XP level 21. HP: 211/214 MP: 20/20
 33019 | Vaults:2 | Reached skill level 15 in Shields
 33166 | Vaults:2 | Identified the +3 cloak "Uhilol" {rElec Str+5}
 33194 | Vaults:2 | Received a gift from Trog
 33589 | Vaults:2 | Found a staircase to the Crypt.
 33715 | Vaults:2 | Noticed Frederick
 34031 | Vaults:2 | Noticed Donald
 34038 | Vaults:2 | Killed Donald
 34569 | Vaults:2 | Killed Frederick
 34637 | Vaults:3 | Reached skill level 25 in Fighting
 34812 | Vaults:3 | Received a gift from Trog
 35015 | Vaults:3 | Noticed Saint Roka
 35040 | Vaults:3 | Killed Saint Roka
 35758 | Vaults:4 | Upgraded the game from 0.29-a0-419-g77450f2105 to
                  | 0.29-a0-451-gfbfa42419e
 36009 | Vaults:4 | Received a gift from Trog
 36068 | Vaults:4 | Reached XP level 22. HP: 224/228 MP: 21/21
 36668 | Vaults:4 | Reached skill level 26 in Fighting
 37010 | Depths:1 | Entered Level 1 of the Depths
 37283 | Depths:1 | Found a gateway to Hell.
 38147 | Depths:2 | Found a one-way gate leading to the halls of Pandemonium.
 38164 | Depths:2 | Received a gift from Trog
 38671 | Depths:2 | Paralysed by a floating eye for 3 turns
 38731 | Depths:2 | Received a gift from Trog
 39031 | Depths:2 | Paralysed by a hornet for 1 turns
 39103 | Depths:2 | Acquired the +15 Maxwell's patent armour {-Cast -Tele rElec
                  | Will+ rCorr}
 39103 | Depths:2 | Found the +15 Maxwell's patent armour {-Cast -Tele rElec
                  | Will+ rCorr}
 39194 | Depths:2 | Reached skill level 27 in Fighting
 39205 | Depths:2 | Identified the +9 dagger of Exquisite Torment {pain, rPois}
 39306 | Depths:2 | Noticed a juggernaut
 39317 | Depths:2 | Killed a juggernaut
 39461 | Depths:2 | Reached XP level 23. HP: 221/240 MP: 22/22
 39748 | Depths:2 | Received a gift from Trog
 40135 | Depths:3 | Found a glowing golden altar of the Shining One.
 40165 | Depths:3 | Found a shimmering blue altar of Sif Muna.
 40165 | Depths:3 | Found a shimmering altar of Xom.
 40167 | Depths:3 | Found a sacrificial altar of Ru.
 40167 | Depths:3 | Found a glowing silver altar of Zin.
 40167 | Depths:3 | Found a sacrificial altar of Ru.
 40197 | Depths:3 | Found a one-way gateway to a ziggurat.
 40253 | Depths:3 | Received a gift from Trog
 40501 | Depths:3 | Found a one-way gate to the infinite horrors of the Abyss.
 40638 | Depths:3 | Reached skill level 15 in Axes
 40700 | Depths:3 | Noticed a caustic shrike
 40706 | Depths:3 | Killed a caustic shrike
 40865 | Depths:3 | Identified the ring of Xeese {Ice Str+6 Stlth+}
 41252 | Depths:4 | Entered Level 4 of the Depths
 41447 | Depths:4 | Noticed a caustic shrike
 41448 | Depths:4 | Noticed a caustic shrike
 41448 | Depths:4 | Noticed a caustic shrike
 41455 | Depths:4 | Killed a caustic shrike
 41458 | Depths:4 | Noticed a caustic shrike
 41464 | Depths:4 | Killed a caustic shrike
 41467 | Depths:4 | Killed a caustic shrike
 41474 | Depths:4 | Killed a caustic shrike
 41636 | Depths:4 | Found a gate to the Realm of Zot.
 41754 | Depths:4 | Received a gift from Trog
 42254 | Depths:4 | Noticed a juggernaut
 42268 | Depths:4 | Killed a juggernaut
 42382 | Depths:4 | Identified the ring of Jerekhle {Ice Fly rElec Dex+3}
 42382 | Depths:4 | Noticed Josephina
 42410 | Depths:4 | Killed Josephina
 43048 | Vaults:5 | Entered Level 5 of the Vaults
 43076 | Vaults:4 | Reached XP level 24. HP: 152/247 MP: 22/22
 43221 | Vaults:5 | Noticed an ancient lich
 43222 | Vaults:5 | Received a gift from Trog
 43476 | Vaults:5 | Killed an ancient lich
 43579 | Vaults:5 | Noticed a dread lich
 43599 | Vaults:4 | Killed a dread lich
 43661 | Vaults:4 | Received a gift from Trog
 43963 | Vaults:5 | Identified the +3 great sword of Ru's Delight {protect,
                  | Dex+4}
 44111 | Vaults:5 | Identified the +6 chain mail of Impish Leaves {Stlth+}
 44113 | Vaults:5 | Identified the +6 ring mail of Distant Worlds {Contam Will+
                  | Str+4 Dex+3}
 44166 | Vaults:5 | Identified the +1 cloak of Ugimmah {Will- rCorr SInv}
 44192 | Vaults:5 | Got a silver rune of Zot
 44473 | Vaults:5 | Found Dimaib's Antique Weapon Emporium.
 44633 | Vaults:5 | Found the +1 robe of Vines {NoPotionHeal Regen++++}
 44660 | Vaults:5 | Identified the +4 ring mail of Ittiuluzo {*Corrode Int+4
                  | Dex+2 Stlth+}
 44724 | Vaults:5 | Identified the +0 quarterstaff of the Fool {venom, +Blink
                  | MP-9 SInv}
 45356 | Zot:1    | Entered Level 1 of the Realm of Zot
 45608 | Zot:1    | Received a gift from Trog
 45658 | Zot:1    | Killed from afar by a red draconian scorcher

Illustrated notes

Levels and vault maps discovered:
D:1:      ebering_trefoil_twist, layout_basic, ebering_ecumenical_altar_box,
          minmay_surrounded
D:2:      layout_rooms, uniq_crazy_yiuf_cottage
D:3:      layout_loops_cross, overflow_temple_1_default,
          mainiacjoe_overflow_small_starburst, serial_shops, shop, uniq_jessica
D:4:      layout_basic, vehumet_crystals, minmay_temple_entry_mini_moons,
          palyth_stone_intersect, lightli_corner_chamber
D:5:      layout_basic, nemelex_spade_bored_becter, marbit_many_paths,
          nicolae_yredelemnul_corpse_copse, minmay_misc_feat_secret_circle,
          uniq_blork_the_orc, uniq_menkaure
D:6:      layout_basic, worldfamousw_hep_ancestral_shrine, serial_shops,
          kennysheep_little_box, nicolae_ossuary_entry_plus
D:7:      layout_basic, lemuel_crystal_altar, gammafunk_ghost_split,
          enter_bailey_2, minmay_holes, uniq_pikel
D:8:      layout_basic, uniq_maurice
D:9:      layout_small_grid, kennysheep_mini, due_lair_maze_entry_diamond
D:10:     layout_cave_pools, nicolae_tso_carved_into_rock,
          nicolae_uskayaw_murder_on_the_dancefloor, elyvilon_altar_3,
          uniq_erolcha
D:11:     layout_basic, erik_orc_2, uniq_urug
D:12:     layout_rooms, gammafunk_ghost_hydra_chop
D:13:     layout_cave_pools, serial_shops, shop
D:14:     layout_basic, erik_vaults_2, minmay_misc_feat_ornament
D:15:     gammafunk_depths_entry_grave, layout_layer_cave, amethyst_killhole
Lair:1:   layout_regular_city, small_statue_intersection,
          chequers_serial_rivers_room_b
Lair:2:   layout_cave_pods, nzn_random_ring, serial_bayou_shore_a
Lair:3:   layout_small_grid, spider_nest_entry_funnel_web,
          chequers_serial_rivers_micro_c, beast_lair_carwin_7
Lair:4:   gammafunk_cloud_chamber, layout_loops_ring, swamp_mist,
          nicolae_quartered_pool_super
Lair:5:   layout_gridlike, slime_altar_1
Lair:6:   minmay_lair_end_enchanted_forest, layout_regular_city,
          hangedman_lair_generics_rect, infiniplex_staircase_pool_2
Swamp:1:  layout_falls_marsh, gammafunk_ghost_arena,
          evilmike_swamp_ruin_house_4, swamp_pool3,
          nicolae_swamp_well_well_well, uniq_louise
Swamp:2:  layout_basic_swamp, evilmike_swamp_ruin_house_5
Swamp:3:  layout_basic_swamp, evilmike_swamp_ruin_house_2,
          nicolae_swamp_wisp_ring_woods, infiniplex_staircase_pool,
          uniq_mlioglotl
Swamp:4:  swamp_fiery, layout_basic_swamp, swamp_pool5, grunt_ruined_hall
Spider:1: layout_spider_delve, drop_trap, uniq_asterion
Spider:2: layout_chambers, hangedman_spider_tarantella_strand
Spider:3: layout_spider_delve, uniq_arachne
Spider:4: grunt_spider_rune_circles, ebering_ghost_disaster_area
Orc:1:    layout_caves, uniq_jorgrun
Orc:2:    st_orc_ogre_mass, layout_caves, uniq_snorg
Vaults:1: nicolae_vaults_shelves_hall, st_greater_box_3,
          hangedman_vaults_stretched_pinwheel, vaults_mumra_hexcomb,
          vaults_dpeg_hooks, v_misc_27, nicolae_vaults_rhombus_6,
          vaults_room_semicircle, nicolae_vaults_little_squares_6,
          nicolae_vaults_shelves_hall, layout_vaults_omnicross, serial_shops,
          nicolae_shop_stone
Vaults:2: nicolae_vaults_network_star, grunt_vaults_twisty,
          hangedman_vaults_trim, v_misc_23, v_alt_pattern_2,
          nicolae_vaults_ring_of_whatevers, v_misc_10,
          ontoclasm_vaults_ring_square, v_misc_2,
          minmay_crypt_entry_simple_walls, vaults_mumra_chevron_long,
          ontoclasm_vaults_loading_screen, layout_vaults_big_room, uniq_donald,
          uniq_frederick
Vaults:3: hangedman_vaults_snaps, nicolae_vaults_display_case,
          grunt_vaults_hallway_short, vaults_room_semicircle, v_pattern_3,
          dpeg_vaults_monster_box, hangedman_vaults_corner,
          vaults_dpeg_encased_lava, nicolae_vaults_little_squares_2,
          vaults_standard_mumra_enter_the_diamond, hangedman_vaults_cutoff,
          nicolae_vaults_little_squares_4, layout_vaults_omnibox,
          uniq_saint_roka
Vaults:4: hangedman_vaults_stagger, nicolae_vaults_network_quinsquares
          [nicolae_vaults_network_quincunx_subvault,
          nicolae_vaults_network_quincunx_subvault,
          nicolae_vaults_network_quincunx_subvault,
          nicolae_vaults_network_quincunx_subvault], vaults_room_pools,
          v_misc_27, grunt_vaults_hallway_long, ontoclasm_vaults_hangar,
          ontoclasm_vaults_ring_square, nicolae_vaults_little_squares_5,
          layout_vaults_maze_snakey
Vaults:5: serial_shops
Depths:1: layout_roguey, serial_bayou_pond_c, hangedman_coc_ice_floe,
          st_stairs_9, chequers_hall_statues_wall_a,
          hangedman_abyss_or_decor_slice, bh_walls_and_bars
Depths:2: grunt_runaround [grunt_runaround_doors_1, grunt_runaround_doors_2,
          grunt_runaround_doors_3, grunt_runaround_doors_4,
          grunt_runaround_loot], hell_entry, pan_entry
Depths:3: lemuel_traditional_vault, layout_cave_shapes, enter_ziggurat_c,
          pf_dread_powers_of_hell, abyss_entry_crystal, doesnt_xom_only_xom
Depths:4: grunt_zot_entry_tricorne, layout_honeycomb, minmay_splitting_lines,
          hell_entry, uniq_josephina
Zot:1:    layout_onion_interference, ebering_ghost_reflecting_pool, door_vault

Skill      XL: |  1  2  3  4  5  6  7  8  9 10 11 12 13 14 15 16 17 18 19 20 21 22 23 24 |
---------------+-------------------------------------------------------------------------+-----
Polearms       | 4 |  4.6
Fighting       | 4 5 6 7 8 10 11 14 16 17 19 20 21 22 24 25 27 | 27.0
Armour         | 3 4 5 6 8 9 11 12 13 15 16 17 18 19 21 23 24 | 24.7
Dodging        | 3 4 5 6 7 8 10 11 12 13 14 15 16 17 18 19 20 21 | 21.2
Maces & Flails | 3 4 5 8 10 11 13 15 16 18 | 18.7
Shields        | 1 7 10 11 13 14 17 20 21 22 | 22.0
Axes           | 5 7 8 10 12 13 16 19 | 19.3

Action                   |  1- 3 |  4- 6 |  7- 9 | 10-12 | 13-15 | 16-18 | 19-21 | 22-24 || total
-------------------------+-------+-------+-------+-------+-------+-------+-------+-------++-------
Melee: Spear             |   118 |    12 |       |       |       |       |       |       ||   130
       Headbutt          |    13 |     8 |    52 |   123 |   316 |   160 |   489 |   514 ||  1675
       Flail             |       |    49 |   302 |   468 |   784 |       |       |       ||  1603
       Punch             |       |     1 |     7 |     8 |    10 |       |       |       ||    26
       Broad axe         |       |       |       |       |   335 |   569 |  1507 |  1459 ||  3870
Invok: Berserk           |     2 |     2 |     6 |     8 |     6 |     3 |     7 |     6 ||    40
       Trog's Hand       |       |       |     1 |     5 |    17 |     3 |    12 |    13 ||    51
       Brothers in Arms  |       |       |       |       |     1 |       |     2 |     4 ||     7
Evoke: Wand              |       |       |       |     3 |       |       |     1 |       ||     4
  Use: Scroll            |       |       |     7 |    19 |    16 |     1 |     3 |    12 ||    58
       Potion            |       |       |     1 |       |     8 |     3 |       |     4 ||    16
 Stab: Sleeping          |     1 |       |       |       |     1 |       |       |       ||     2
       Petrified         |       |       |       |       |     6 |       |       |       ||     6
       Distracted        |       |       |       |       |       |     1 |     1 |       ||     2
       Confused          |       |       |       |       |       |       |     2 |       ||     2
Armor: Robe              |     3 |       |       |       |       |       |       |       ||     3
       Leather armour    |     9 |       |       |       |       |       |       |       ||     9
       Ring mail         |    16 |    15 |    70 |       |       |       |       |       ||   101
       Scale mail        |       |       |       |   214 |   492 |   324 |   225 |       ||  1255
       Plate armour      |       |       |       |       |       |       |   520 |   747 ||  1267
Dodge: Dodged            |    44 |    38 |   211 |   344 |   884 |   531 |   952 |   982 ||  3986
       Repelled          |       |       |       |       |       |       |     3 |       ||     3
Block: Kite shield       |       |       |       |       |   371 |   624 |  1408 |  1303 ||  3706
       Reflection        |       |       |       |       |       |       |     2 |    30 ||    32

Table legend: (Time is in decaauts)
 A = Elapsed time spent in this place.
 B = Non-inter-level travel time spent in this place.
 C = Inter-level travel time spent in this place.
 D = Time resting spent in this place.
 E = Time spent auto-exploring this place.
 F = Levels seen in this place.
 G = Mean time per level.
                   A        B        C        D        E       F      G
               +--------+--------+--------+--------+--------+-----+--------+
         Total |  45257 |  41940 |   3317 |   5171 |  24438 |  43 | 1052.5 |
       Dungeon |  13637 |  12202 |   1435 |    946 |   8724 |  15 |  909.1 |
          Lair |   6829 |   6341 |    488 |    862 |   3746 |   6 | 1138.2 |
         Swamp |   3409 |   3303 |    106 |    652 |   1427 |   4 |  852.2 |
   Spider Nest |   5840 |   5707 |    133 |    930 |   2544 |   4 | 1460.0 |
  Orcish Mines |   1090 |   1040 |     50 |     29 |    550 |   2 |  545.0 |
        Vaults |   7943 |   7198 |    745 |   1059 |   3957 |   5 | 1588.6 |
        Depths |   5723 |   5367 |    356 |    644 |   3238 |   4 | 1430.8 |
           Zot |    228 |    228 |      0 |      0 |     25 |   1 |  228.0 |
       Ossuary |    177 |    177 |      0 |      0 |     43 |   1 |  177.0 |
        Bailey |    378 |    378 |      0 |     46 |    184 |   1 |  378.0 |
               +--------+--------+--------+--------+--------+-----+--------+

Top non-repeatable levels by time:
Spider:2: 2291 daAuts
Vaults:1: 1991 daAuts
Spider:4: 1812 daAuts
Depths:2: 1769 daAuts
Vaults:2: 1709 daAuts
Vaults:4: 1704 daAuts
Depths:4: 1511 daAuts
Depths:3: 1474 daAuts
    D:15: 1467 daAuts
     D:5: 1433 daAuts
  Lair:3: 1395 daAuts
  Lair:2: 1279 daAuts
Vaults:5: 1270 daAuts
Vaults:3: 1268 daAuts
  Lair:1: 1237 daAuts
